 Dungeon Crawl Stone Soup version 0.30-a0-553-g7fabdf1491 (webtiles) character file.

Game seed: 4308844143052516511

91428 drugrobin the Brawler (level 15, -14/132 HPs)
             Began as a Demigod Delver on Dec 26, 2022.
             Demolished by a sphinx (24 damage)
             ... summoned by Kirke
             ... while paralysed by a sphinx
             ... on level 15 of the Dungeon.
             The game lasted 01:37:12 (27050 turns).

drugrobin the Brawler (Demigod Delver)             Turns: 27050, Time: 01:37:13

Health: -14/132    AC:  0    Str: 21    XL:     15   Next: 13%
Magic:  25/25      EV:  3    Int: 20    God:
Gold:   1772       SH:  0    Dex: 19    Spells: 6/22 levels left

rFire   . . .      SeeInvis .      - Unarmed
rCold   . . .      Faith    .    (shield currently unavailable)
rNeg    . . .      Spirit   .    (body armour currently unavailable)
rPois   .          Reflect  +    (helmet currently unavailable)
rElec   .          Harm     .    (cloak currently unavailable)
rCorr   .          Rampage  .    (gloves currently unavailable)
Will    +....                    (boots currently unavailable)
Stlth   +++                      y - amulet of reflection
HPRegen 0.42/turn                (ring currently unavailable)
MPRegen 0.19/turn                (ring currently unavailable)

@: paralysed, pig-form, very quick
A: fast, no casting, small, high MP 1, forlorn, divine attributes, screaming 1
a: no special abilities


You were on level 15 of the Dungeon.
You were a filthy swine.
You visited 4 branches of the dungeon, and saw 23 of its levels.
You also visited: Sewer, Ossuary, Bailey and Volcano.

You collected 2671 gold pieces.
You spent 899 gold pieces at shops.

Inventory:

Missiles
 n - a curare-tipped dart
 I - 10 boomerangs
Armour
 c - a +0 cloak (melded)
 f - the +2 pair of boots "Leapadwa" (melded) {+Blink Dex+5 Stlth+}
   (You acquired it on level 1 of the Lair of Beasts)

   Dex:       It affects your dexterity (+5).
   +Blink:    It lets you blink.
   Stlth:     It makes you more stealthy.
 p - +0 fire dragon scales
 u - a +2 helmet (melded)
 M - a +2 buckler (melded)
 T - a +0 pair of gloves of stealth (melded)
 V - a +0 troll leather armour (melded)
Jewellery
 r - a +4 ring of evasion (melded)
 v - a ring of poison resistance
 w - a +4 ring of protection (melded)
 y - an amulet of reflection (around neck)
 K - a ring of ice
 S - a ring of ice
Wands
 b - a wand of paralysis (4)
 h - a wand of mindburst (11)
 t - a wand of digging (3)
 x - a wand of polymorph (9)
 R - a wand of flame (25)
 U - a wand of roots (7)
Scrolls
 a - 2 scrolls of vulnerability {unknown}
 e - 5 scrolls of poison
 j - 6 scrolls of immolation {unknown}
 k - 3 scrolls of fear
 l - 7 scrolls of amnesia
 o - 6 scrolls of fog
 s - 7 scrolls of magic mapping
 D - 13 scrolls of teleportation
 E - 3 scrolls of enchant weapon {unknown}
 F - 2 scrolls of summoning {unknown}
 G - 2 scrolls of enchant armour
 N - 4 scrolls of blinking {unknown}
 O - 2 scrolls of brand weapon
 X - 2 scrolls of silence
Potions
 d - a potion of cancellation
 g - 4 potions of ambrosia
 m - 18 potions of curing
 q - 4 potions of resistance
 z - 5 potions of invisibility
 A - 10 potions of lignification
 B - 4 potions of haste
 C - 4 potions of heal wounds
 H - 4 potions of attraction
 J - 12 potions of might
 L - a potion of flight
 P - 3 potions of berserk rage
Miscellaneous
 W - a lightning rod (inert) (quivered)


   Skills:
 + Level 11.6 Fighting
 - Level 8.0 Dodging
 - Level 4.5 Stealth
 + Level 15.6 Unarmed Combat
 * Level 4.4 Spellcasting
 * Level 15.2 Transmutations


You had 6 spell levels left.
You knew the following spells:

 Your Spells              Type           Power      Damage    Failure   Level
a - Beastly Appendage     Tmut           100%       N/A       1%          1
b - Wereblood             Tmut           60%        N/A       1%          2
c - Spider Form           Tmut/Pois      34%        N/A       1%          3
d - Blade Hands           Tmut           30%        N/A       1%          5
f - Alistair's Intoxicat  Tmut/Pois      22%        N/A       16%         5

Your spell library contained the following spells:

 Spells                   Type           Power      Damage    Failure   Level
 Apportation              Tloc           8%         N/A       12%         1
 Magic Dart               Conj           16%        1d3       12%         1
 Summon Small Mammal      Summ           16%        N/A       12%         1
 Irradiate                Conj/Tmut      17%        3d17      16%         5
 Call Imp                 Summ           4%         N/A       19%         2
 Scorch                   Fire           8%         2d5       19%         2
 Call Canine Familiar     Summ           4%         N/A       36%         3
 Gell's Gravitas          Tloc           4%         N/A       36%         3
 Inner Flame              Hex/Fire       4%         N/A       36%         3
 Lesser Beckoning         Tloc           8%         N/A       36%         3
 Mephitic Cloud           Conj/Pois/Air  4%         N/A       36%         3
 Ozocubu's Armour         Ice            4%         N/A       36%         3
 Portal Projectile        Hex/Tloc       8%         N/A       36%         3
 Summon Guardian Golem    Hex/Summ       4%         N/A       36%         3
 Teleport Other           Tloc           4%         N/A       36%         3
 Tukima's Dance           Hex            4%         N/A       36%         3
 Statue Form              Tmut/Erth      22%        N/A       63%         6
 Airstrike                Air            2%         2d(1-17)  77%         4
 Cause Fear               Hex            2%         N/A       77%         4
 Flame Wave               Conj/Fire      4%         2d5       77%         4
 Leda's Liquefaction      Hex/Erth       2%         N/A       77%         4
 Passage of Golubria      Tloc           4%         N/A       77%         4
 Sticky Flame             Conj/Fire      4%         2d3       77%         4
 Summon Lightning Spire   Summ/Air       4%         N/A       77%         4
 Lee's Rapid Deconstruct  Erth           2%         3d4*      98%         5
 Lightning Bolt           Conj/Air       2%         1d13      98%         5
 Metabolic Englaciation   Hex/Ice        2%         N/A       98%         5
 Silence                  Hex/Air        2%         N/A       98%         5
 Summon Forest            Summ/Tloc      2%         N/A       98%         5
 Summon Mana Viper        Hex/Summ       4%         N/A       98%         5
 Simulacrum               Ice/Necr       2%         N/A       100%        6
 Summon Cactus Giant      Summ           2%         N/A       100%        6
 Dragon Form              Tmut           30%        N/A       21%         7
 Lehudib's Crystal Spear  Conj/Erth      2%         10d2      100%        8
 Chain Lightning          Conj/Air       2%         3d2       100%        9
 Dragon's Call            Summ           2%         N/A       100%        9
 Fire Storm               Conj/Fire      2%         8d1       100%        9
 Shatter                  Erth           2%         3d6*      100%        9


Dungeon Overview and Level Annotations

Branches:
Dungeon (15/15)            Temple (1/1) D:7            Lair (5/5) D:9
  Swamp (0/4) Lair:2       Spider (0/4) Lair:2        Slime (0/5) Lair:4
    Orc (2/2) D:10            Elf (0/3) Orc:2        Vaults (0/5) D:13
  Sewer (visited)         Ossuary (visited)          Bailey (visited)
Volcano (visited)
 Depths: D:15

Shops:
D:3 *   D:8 !   D:10 =   D:13 ?   Orc:2 =[*?

Portals:
Pandemonium: Orc:2

Annotations:
D:9 3 runed translucent doors
D:15 Kirke
Lair:2 3 runed translucent doors, Jouwnead's ghost, journeyman DsBe; Newt's ghost, journeyman DsGl
Lair:4 exclusion: oklob plant
Lair:5 1 runed translucent door, pdpol's ghost, journeyman BaEE


Innate Abilities, Weirdness & Mutations

You are a filthy swine.
You move quickly.
Your equipment is almost entirely melded.
You are incapable of wielding weapons or throwing items.
You cannot cast spells.
You have an increased reservoir of magic. (+10% MP)
You shall have no god before yourself.
Your divine heritage dramatically boosts your attributes as you level up.
You occasionally shout uncontrollably at your foes.


Message History

Unknown command.
Unknown command.
Unknown command.
Unknown command.
Unknown command.
Unknown command.
Unknown command.
Unknown command.
You are too confused!
Unknown command.
Unknown command.
Unknown command.
Unknown command.
Unknown command.
You bump into the rock wall.
The sphinx barely misses you. The sphinx closely misses you.
The sphinx misses you. The sphinx hits you! The sphinx hits you.
The sphinx misses you.
Unknown command.
Unknown command.
Unknown command.
Unknown command.
You bump into the rock wall.
The sphinx casts a spell.
You suddenly lose the ability to move!
You feel less confused. The sphinx hits you!! The sphinx hits you.
The sphinx hits you!
The sphinx mumbles some strange words.
You resist with significant effort.
You hear some strange, mumbled words.
Something tries to affect you, but you resist.
The sphinx hits you!!
* * * LOW HITPOINT WARNING * * *
The sphinx hits you!
* * * LOW HITPOINT WARNING * * *
The sphinx hits you!
* * * LOW HITPOINT WARNING * * *
You hear some strange, mumbled words.
Something summons a manticore!
The sphinx hits you!!
You die...

###.##....~~~...#...##..
..### #...##....~~#####...###
......#.########~#######....#
#...............#.......##
.######.##########.#.##....##
..........†.)...............~
.#######.#########.#.##....~~
#.#########.#.......~~
#...#h......####....~~
#.#H#H.H....# ##~~~~~
###H#.#H.....)## #~~~~~
#...#..G.......# ##~~~~
#H#####........######~~~ #.#
###......#~~###.~~ #...#
#......~~~~##..~ #.....#
#..))..~~~~~#### #...$.#
#......~~~~~~#..


You could see a sphinx (summoned), a glowing orange brain and 2 manticores.

Vanquished Creatures
  Agnes (D:14)
  An orc warlord (Orc:2)
  A very ugly thing (D:15)
  A stone giant (Volcano)
  Azrael (D:12)
  A fire dragon (D:15)
  Harold (Lair:2)
  4 vault guards (D:13)
  2 demonspawn (Orc:2)
  2 rakshasas
  An ogre mage (D:13)
  A hydra (Lair:4)
  A boulder beetle (D:14)
  2 centaur warriors
  2 catoblepae
  3 two-headed ogres
  3 death knights
  A tengu warrior (D:15)
  3 death yaks (Lair:5)
  6 orc high priests (Orc:2)
  3 skeletal warriors
  2 sixfirhies (Orc:2)
  3 bog bodies (Lair:2)
  2 goliath frogs (Lair:5)
  2 wizards
  3 deep elf pyromancers
  10 orc knights
  A phantasmal warrior (D:14)
  Pikel (D:3)
  6 orc sorcerers
  3 manticores
  A wolf spider (D:13)
  3 ugly things
  5 cyclopes
  5 elephants (Lair:5)
  Maurice (Orc:1)
  2 black mambas
  4 gargoyles
  18 cane toads
  A molten gargoyle (Volcano)
  Maggie (D:7)
  3 rime drakes
  A torpor snail (Lair:1)
  A yaktaur (D:13)
  2 efreet
  3 freezing wraiths
  6 komodo dragons
  A tengu conjurer (D:15)
  8 trolls
  3 tyrant leeches (Lair:5)
  A red devil (Orc:2)
  A hornet (D:10)
  19 blink frogs
  10 slime creatures
  A centaur simulacrum (D:14)
  A jumping spider (Lair:2)
  2 shadows
  5 wyverns
  A hog (D:15)
  3 wraiths
  6 basilisks
  A human (D:13)
  2 fire bats (Volcano)
  A chaos spawn (Orc:2)
  65 yaks
  11 vampire mosquitoes
  4 fire elementals
  A redback (Lair:2)
  2 wargs
  3 swamp worms (Lair:2)
  An acid dragon (D:11)
  10 water moccasins
  5 hell hounds (D:12)
  Pargi (D:3)
  35 orc warriors
  2 ice beasts
  6 ogres
  8 wolves
  The ghost of osoart the Poker, an amateur MfGl of the Shining One (D:5)
  7 centaurs
  2 lemures (D:3)
  2 phantoms (D:6)
  2 kobold brigands
  18 bullfrogs
  Blork the orc (D:6)
  An earth elemental (Volcano)
  A gnoll sergeant (D:7)
  3 scorpions
  3 wights (D:9)
  10 killer bees
  5 howler monkeys
  3 electric eels
  6 lava snakes (Volcano)
  2 hounds
  4 jellies
  22 orc priests
  Jessica (D:3)
  5 iguanas
  20 orc wizards
  3 mummies (Ossuary)
  3 gnolls (D:2)
  6 adders
  An ufetubus (D:4)
  4 adder zombies (Ossuary)
  2 dart slugs (D:1)
  2 worms
  70 orcs
  15 bats
  2 endoplasms (D:3)
  2 giant cockroaches
  9 goblins
  6 hobgoblins
  4 jackals
  11 kobolds
  3 quokkas
  9 ball pythons
  2 frilled lizards
  5 goblin zombies (Ossuary)
  A hobgoblin zombie (Ossuary)
  4 kobold zombies (Ossuary)
  2 quokka zombies (Ossuary)
  8 rats
  2 rat zombies (Ossuary)
646 creatures vanquished.

Vanquished Creatures (others)
  A bush (Lair:5)
  35 fungi
  109 plants
  5 withered plants (Lair:2)
150 creatures vanquished.

Grand Total: 796 creatures vanquished

Notes
Turn   | Place    | Note
-------+----------+-------------------------------------------
     0 | D:5      | drugrobin the Demigod Delver began the quest for the Orb.
     0 | D:5      | Reached XP level 1. HP: 18/18 MP: 3/3
    33 | D:5      | Noticed a jelly
    45 | D:5      | Noticed an iguana
    58 | D:5      | Noticed an iguana
   168 | D:5      | Noticed an iguana
   356 | D:4      | Noticed an iguana
   433 | D:3      | Found Ohest's General Store.
   440 | D:3      | Bought a scroll of identify for 20 gold pieces
   440 | D:3      | Bought a scroll of noise for 10 gold pieces
   497 | D:3      | Found a glowing drain.
   535 | D:3      | Reached XP level 2. HP: 10/25 MP: 4/4
   599 | Sewer    | Entered a sewer
   676 | Sewer    | Noticed Pargi
   744 | Sewer    | Identified the +0 pair of boots of Dust Devil {rC+ Int+3}
   819 | D:3      | Noticed Jessica
  1128 | D:2      | Learned a level 1 spell: Beastly Appendage
  1203 | D:2      | Reached XP level 3. HP: 27/30 MP: 5/5
  1682 | D:1      | Reached XP level 4. HP: 33/37 MP: 6/6
  1963 | D:1      | Identified a scroll of acquirement
  2182 | D:1      | Learned a level 2 spell: Wereblood
  2517 | D:3      | Killed Pargi
  2518 | D:3      | Reached skill level 1 in Transmutations
  2518 | D:3      | Reached XP level 5. HP: 42/42 MP: 3/7
  2590 | D:3      | Noticed a balrug
  2603 | D:3      | Killed Jessica
  2604 | D:3      | Reached skill level 5 in Unarmed Combat
  2745 | D:3      | Bought 2 potions of heal wounds for 100 gold pieces
  2745 | D:3      | Bought a scroll of teleportation for 30 gold pieces
  2974 | D:4      | Reached XP level 6. HP: 34/50 MP: 8/8
  3071 | D:4      | Noticed Pikel
  3233 | D:3      | Killed Pikel
  3234 | D:3      | Reached XP level 7. HP: 19/56 MP: 9/9
  4159 | D:5      | Found a transporter.
  4163 | D:5      | Found the +7 Throatcutter {drain, coup de grace}
  4164 | D:5      | Found a transporter.
  4166 | D:5      | Noticed osoart's ghost (amateur MfGl)
  4868 | D:6      | Reached XP level 8. HP: 62/62 MP: 8/10
  4891 | D:6      | Learned a level 3 spell: Spider Form
  4999 | D:6      | Found a sand-covered staircase.
  5004 | Ossuary  | Entered an ossuary
  5678 | D:6      | Noticed Blork the orc
  5695 | D:6      | Killed Blork the orc
  5807 | D:6      | Reached skill level 5 in Transmutations
  6026 | D:7      | Noticed Maggie
  6378 | D:7      | Reached XP level 9. HP: 61/68 MP: 11/11
  6493 | D:7      | Reached skill level 10 in Unarmed Combat
  6559 | D:7      | Killed Maggie
  6750 | D:7      | Found a staircase to the Ecumenical Temple.
  6764 | Temple   | Entered the Ecumenical Temple
  7369 | D:8      | Found Wugast's Distillery.
  7372 | D:8      | Bought a potion of berserk rage for 75 gold pieces
  7372 | D:8      | Bought a potion of invisibility for 120 gold pieces
  7372 | D:8      | Bought a potion of mutation for 120 gold pieces
  8249 | D:8      | Reached skill level 1 in Spellcasting
  8304 | D:9      | Found a staircase to the Lair.
  8366 | D:9      | Found a runed translucent gate.
  8366 | D:9      | Found a runed translucent gate.
  8366 | D:9      | Found a runed translucent gate.
  8366 | D:9      | Noticed a green ugly thing
  8366 | D:9      | Noticed a white ugly thing
  8366 | D:9      | Noticed a brown ugly thing
  8374 | D:9      | Noticed a brown ugly thing
  8404 | D:9      | Reached XP level 10. HP: 36/74 MP: 16/16
  8412 | D:9      | Found a flagged portal.
  8419 | Bailey   | Entered a bailey
  8526 | Bailey   | Learned a level 5 spell: Blade Hands
  8678 | Bailey   | Learned a level 2 spell: Scorch
  8781 | Bailey   | Noticed an orc knight
  8781 | Bailey   | Noticed an orc knight
  8781 | Bailey   | Noticed an orc knight
  8875 | Bailey   | Killed an orc knight
  8934 | Bailey   | Killed an orc knight
  9185 | Bailey   | Killed an orc knight
  9378 | Bailey   | Noticed an orc knight
  9395 | Bailey   | Killed an orc knight
  9398 | Bailey   | Identified the +0 kite shield of Ennui {Rampage}
  9572 | D:9      | Reached skill level 5 in Fighting
 10344 | D:5      | Killed osoart's ghost
 10517 | Lair:1   | Entered Level 1 of the Lair of Beasts
 10520 | Lair:1   | Noticed a torpor snail
 10523 | Lair:1   | Reached XP level 11. HP: 89/89 MP: 11/17
 10583 | Lair:1   | Acquired the +2 pair of boots "Leapadwa" {+Blink Dex+5
                  | Stlth+}
 11760 | Lair:2   | Found a hole to the Spider Nest.
 11939 | Lair:2   | Noticed Harold
 11956 | Lair:2   | Gained mutation: You occasionally shout uncontrollably at
                  | your foes. [mutagenic glow]
 11957 | Lair:2   | Killed Harold
 11958 | Lair:2   | Reached skill level 5 in Dodging
 12222 | Lair:2   | Found a runed translucent gate.
 12222 | Lair:2   | Found a runed translucent gate.
 12222 | Lair:2   | Found a runed translucent gate.
 12223 | Lair:2   | Noticed Newt's ghost (journeyman DsGl)
 12225 | Lair:2   | Noticed Jouwnead's ghost (journeyman DsBe)
 12261 | Lair:2   | Noticed a bog body
 12265 | Lair:2   | Killed a bog body
 12268 | Lair:2   | Noticed a bog body
 12271 | Lair:2   | Killed a bog body
 12275 | Lair:2   | Noticed a bog body
 12285 | Lair:2   | Killed a bog body
 12290 | Lair:2   | Found a staircase to the Swamp.
 13204 | Lair:3   | Reached XP level 12. HP: 101/101 MP: 12/18
 13819 | Lair:4   | Found a staircase to the Slime Pits.
 14116 | Lair:4   | Noticed a six-headed hydra
 14125 | Lair:4   | Killed a six-headed hydra
 15000 | Lair:5   | Entered Level 5 of the Lair of Beasts
 15012 | Lair:5   | Reached skill level 10 in Transmutations
 15020 | Lair:5   | Noticed a catoblepas
 15035 | Lair:5   | Killed a catoblepas
 15176 | Lair:5   | Found a dark tunnel.
 15186 | Volcano  | Entered a volcano
 16048 | Volcano  | Noticed a stone giant
 16056 | Volcano  | Killed a stone giant
 17303 | Lair:5   | Reached XP level 13. HP: 100/110 MP: 13/19
 17420 | Lair:5   | Identified the +2 scale mail of the Louse {rF+}
 18336 | Lair:5   | Found a runed translucent door.
 18337 | Lair:5   | Noticed pdpol's ghost (journeyman BaEE)
 18710 | D:10     | Entered Level 10 of the Dungeon
 19074 | D:10     | Found Xuelen's Jewellery Emporium.
 19405 | D:10     | Found a staircase to the Orcish Mines.
 19810 | Orc:1    | Entered Level 1 of the Orcish Mines
 19893 | Orc:1    | Noticed Maurice
 19904 | Orc:1    | Killed Maurice
 20316 | Orc:2    | Entered Level 2 of the Orcish Mines
 20432 | Orc:2    | Found a staircase to the Elven Halls.
 20580 | Orc:2    | Found Ceckul's General Store.
 20592 | Orc:2    | Reached skill level 10 in Fighting
 20650 | Orc:2    | Found Roaheteu's Magic Scroll Shop.
 20835 | Orc:2    | Bought a scroll of teleportation for 36 gold pieces
 20835 | Orc:2    | Bought a scroll of teleportation for 36 gold pieces
 20835 | Orc:2    | Bought a scroll of identify for 24 gold pieces
 20835 | Orc:2    | Bought a scroll of identify for 24 gold pieces
 20979 | Orc:2    | Reached XP level 14. HP: 121/121 MP: 12/22
 21265 | Orc:2    | Found Dajeisas's Jewellery Shoppe.
 21265 | Orc:2    | Found Fifulene's Antique Armour Emporium.
 21266 | Orc:2    | Found a one-way gate leading to the halls of Pandemonium.
 21365 | Orc:2    | Noticed an orc warlord
 21436 | Orc:2    | Killed an orc warlord
 22211 | D:11     | Learned a level 5 spell: Alistair's Intoxication
 22593 | D:11     | Reached skill level 15 in Unarmed Combat
 22997 | D:12     | Noticed Azrael
 22997 | D:12     | Identified the +0 robe of Xom's Condemnation {-Tele Str+5}
 23008 | D:12     | Killed Azrael
 23708 | D:13     | Identified the +9 short sword "Tolis" {elec, Str+4}
 23918 | D:13     | Found Jehaofe's Magic Scroll Boutique.
 23922 | D:13     | Bought a scroll of brand weapon for 152 gold pieces
 23922 | D:13     | Bought a scroll of silence for 152 gold pieces
 24259 | D:13     | Found a gate to the Vaults.
 25465 | D:14     | Noticed Agnes
 25473 | D:14     | Killed Agnes
 25693 | D:15     | Entered Level 15 of the Dungeon
 25697 | D:14     | HP: 4/124 [phantasmal warrior[a death knight] (33)]
 26375 | D:15     | Reached skill level 15 in Transmutations
 26411 | D:15     | Reached XP level 15. HP: 76/130 MP: 21/24
 27011 | D:15     | Noticed Kirke
 27023 | D:15     | Noticed a sphinx
 27046 | D:15     | Paralysed by a sphinx for 5 turns
 27050 | D:15     | Demolished by a sphinx

Illustrated notes

Levels and vault maps discovered:
D:1:      spicycebolla_arrival_ecumenical, layout_rooms
D:2:      layout_rooms, basic_altar, minmay_unequal
D:3:      layout_loops_ring, makhleb_altar_promises_db,
          mainiacjoe_overflow_small_starburst, portal_sewer_entry_b,
          serial_shops, nicolae_shop_trees, serial_glass, glass_columns_a,
          glass_columns_b, uniq_jessica
D:4:      layout_rooms, general_overflow_altar, mainiacjoe_overflow_alcove_1,
          serial_aquarium, aquarium_bridge_island_small
          [aquarium_subvault_small_open, aquarium_subvault_bridge,
          aquarium_subvault_wall, aquarium_subvault_wall,
          aquarium_subvault_balcony], aquarium_bridge_square
          [aquarium_subvault_bridge, aquarium_subvault_wall,
          aquarium_subvault_bridge, aquarium_subvault_bridge],
          aquarium_window_corner, aquarium_window_3, aquarium_view_2b,
          aquarium_balcony_3a, hex_medium, chequers_serial_rivers_room_a,
          uniq_pikel
D:5:      layout_basic, nemelex_xobeh_ov_fountains_minmay,
          mainiacjoe_overflow_six_doors_small,
          nicolae_gozag_cash_rules_everything_around_me, gammafunk_ghost_hive,
          nicolae_eternal_life
D:6:      layout_loops_cross, zin_academy, enter_ossuary_2, uniq_blork_the_orc
D:7:      layout_rooms, grunt_dithmenos_smoke_and_mirrors,
          minmay_temple_entry_statues_pillars, grunt_ministairs_15,
          nicolae_hexahallways, grunt_tough_drop, uniq_maggie
D:8:      layout_loops_ring, serial_shops, kennysheep_mini
D:9:      layout_cave_pools, nicolae_uskayaw_murder_on_the_dancefloor,
          mainiacjoe_overflow_paths,
          ploomutoo_gammafunk_ghost_potion_laboratory, enter_bailey_5
D:10:     layout_loops_ring, mainiacjoe_overflow_tiny_flanked,
          mainiacjoe_overflow_surrounded_room, mainiacjoe_overflow_catwalk,
          mainiacjoe_overflow_brackets, orc_david_3, serial_shops, shop,
          chequers_garden, kennysheep_windowed_goal
D:11:     layout_loops_cross
D:12:     layout_roguey, uniq_azrael
D:13:     layout_stronghold, grunt_vaults_entry_fortified, serial_shops,
          nicolae_shop_trees
D:14:     layout_loops_cross, infiniplex_staircase_star, uniq_agnes
D:15:     gammafunk_enter_depths_forms, layout_basic, lemuel_doored_altar,
          uniq_kirke
Temple:   hellmonk_temple_two_chambers
Lair:1:   layout_roguey, infiniplex_staircase_pool_2
Lair:2:   layout_cave_shapes, nicolae_swamp_entry_splash_gauntlet,
          spider_nest_entry_a, gammafunk_ghost_cemetery, lemuel_fruit_fields,
          uniq_harold
Lair:3:   layout_chaotic_city, serial_bayou, serial_bayou_pond_c,
          serial_bayou_pond_e, serial_bayou_pond_a, serial_bayou_lagoon_a
Lair:4:   layout_cave_pods, slime_entry_1
Lair:5:   minmay_lair_end_frog_pond, layout_cave_pods,
          ebering_ghost_reflecting_pool, enter_volcano_4
Orc:1:    layout_caves, basic_altar, uniq_maurice
Orc:2:    pf_orc_diabolical, layout_caves

Skill      XL: |  1  2  3  4  5  6  7  8  9 10 11 12 13 14 15 |
---------------+----------------------------------------------+-----
Unarmed Combat | 2 3 4 5 7 8 9 11 12 13 14 15 | 15.6
Transmutations | 1 2 3 5 7 8 9 11 13 15 | 15.2
Spellcasting   | 2 3 4 |  4.4
Dodging        | 4 6 8 |  8.0
Fighting       | 5 7 8 10 11 | 11.6
Stealth        | |  4.5

Action                   |  1- 3 |  4- 6 |  7- 9 | 10-12 | 13-15 || total
-------------------------+-------+-------+-------+-------+-------++-------
Melee: Unarmed           |   143 |   110 |   303 |   465 |   820 ||  1841
       Punch             |     3 |     5 |     7 |    31 |    62 ||   108
       Quarterstaff      |     3 |       |       |       |       ||     3
       Kick              |     3 |     4 |    27 |     6 |     4 ||    44
       Headbutt          |       |     4 |    27 |     4 |     1 ||    36
 Fire: Sling             |    50 |     5 |    11 |    25 |       ||    91
Throw: Dart              |     5 |     5 |     3 |    12 |     7 ||    32
       Boomerang         |       |       |    26 |    23 |    24 ||    73
       Throwing net      |       |       |       |       |     1 ||     1
 Cast: Beastly Appendage |     1 |     4 |    22 |     6 |     3 ||    36
       Spider Form       |       |       |    16 |     6 |     1 ||    23
       Wereblood         |       |       |     2 |     1 |    22 ||    25
       Blade Hands       |       |       |       |    44 |    77 ||   121
       Scorch            |       |       |       |     2 |       ||     2
       Alistair's Intoxi |       |       |       |       |     8 ||     8
 Abil: End Transformatio |       |       |       |       |     1 ||     1
Evoke: Wand              |       |       |     3 |     6 |     1 ||    10
       Lightning rod     |       |       |       |       |     4 ||     4
  Use: Scroll            |     2 |     2 |     5 |     7 |     8 ||    24
       Potion            |     2 |       |       |       |     4 ||     6
 Stab: Sleeping          |       |       |     4 |    12 |     4 ||    20
       Distracted        |       |       |       |     1 |     2 ||     3
       Confused          |       |       |       |       |     3 ||     3
       Held in net/web   |       |       |       |       |     2 ||     2
Armor: Leather armour    |    65 |    16 |       |       |       ||    81
       Ring mail         |       |    13 |    37 |       |       ||    50
       Robe              |       |       |     6 |       |       ||     6
       Steam dragon scal |       |       |    14 |    56 |    25 ||    95
       Skin              |       |       |     3 |     1 |       ||     4
       Troll leather arm |       |       |       |       |    71 ||    71
       Fire dragon scale |       |       |       |       |    14 ||    14
Dodge: Dodged            |   138 |    52 |   177 |   214 |   425 ||  1006
Block: Other             |       |       |    44 |    44 |    75 ||   163
       Reflection        |       |       |     2 |     1 |    15 ||    18
       Orb               |       |       |     8 |       |       ||     8
       Buckler           |       |       |       |    59 |   134 ||   193

Table legend: (Time is in decaauts)
 A = Elapsed time spent in this place.
 B = Non-inter-level travel time spent in this place.
 C = Inter-level travel time spent in this place.
 D = Time resting spent in this place.
 E = Time spent auto-exploring this place.
 F = Levels seen in this place.
 G = Mean time per level.
                   A        B        C        D        E       F      G
               +--------+--------+--------+--------+--------+-----+--------+
         Total |  26869 |  25324 |   1545 |   2392 |  15308 |  27 |  995.1 |
       Dungeon |  15083 |  13982 |   1101 |   1030 |   8644 |  15 | 1005.5 |
        Temple |     15 |     15 |      0 |      0 |     12 |   1 |   15.0 |
          Lair |   7052 |   6733 |    319 |    661 |   4611 |   5 | 1410.4 |
  Orcish Mines |   2041 |   1917 |    124 |     54 |   1107 |   2 | 1020.5 |
         Sewer |    161 |    161 |      0 |      0 |      0 |   1 |  161.0 |
       Ossuary |    300 |    300 |      0 |      0 |    141 |   1 |  300.0 |
        Bailey |   1145 |   1145 |      0 |    258 |    453 |   1 | 1145.0 |
       Volcano |   1067 |   1067 |      0 |    388 |    339 |   1 | 1067.0 |
               +--------+--------+--------+--------+--------+-----+--------+

Top non-repeatable levels by time:
  Lair:5: 2472 daAuts
   Orc:2: 1488 daAuts
    D:13: 1390 daAuts
     D:5: 1310 daAuts
    D:14: 1274 daAuts
     D:3: 1234 daAuts
  Lair:4: 1219 daAuts
  Lair:1: 1173 daAuts
     D:7: 1158 daAuts
  Lair:2: 1155 daAuts
  Bailey: 1145 daAuts
    D:10: 1121 daAuts
 Volcano: 1067 daAuts
     D:6: 1054 daAuts
  Lair:3: 1032 daAuts
